 Dungeon Crawl Stone Soup version 0.31-a0-1002-g8e65716e6e (webtiles) character file.

Game seed: 3098879768618318903

859 Malachi the Changeling (level 8, -2/58 HPs)
             Began as a Djinni Shapeshifter on Nov 9, 2023.
             Killed by divine providence
             ... invoked by an orc priest
              (12 damage)
             ... on level 5 of the Dungeon.
             The game lasted 00:07:47 (4481 turns).

Malachi the Changeling (Djinni Shapeshifter)        Turns: 4481, Time: 00:07:48

Health: -2/58      AC:  3    Str: 13    XL:     8   Next: 22%
Gold:   166        EV: 12    Int: 14    God:
                   SH:  0    Dex: 13

rFire   + + .        j - +1 dagger (venom)
rCold   x . .        (no shield)
rNeg    . . .        a - +1 animal skin
rPois   ∞            (helmet currently unavailable)
rElec   .            (cloak currently unavailable)
rCorr   .            (gloves currently unavailable)
SInv    .            (boots unavailable)
Will    .....        (no amulet)
Stlth   +            (no ring)
HPRegen 0.29/turn    (no ring)
MPRegen 0.00/turn

%: infuse magic (-3 HP)
@: beast-form, flying
A: beast (slay +2), flying, sickness immunity, fire resistance 2, cold
vulnerability 1, float, innate caster, HP casting, extra vitality 1, subdued
magic 1
a: Begin Untransformation


You were on level 5 of the Dungeon.
You were a hulking beast.
You visited 1 branch of the dungeon, and saw 5 of its levels.

You collected 166 gold pieces.

Inventory:

Hand Weapons
 j - a +1 dagger of venom (weapon)
 q - a +0 falchion of freezing
Missiles
 e - 3 curare-tipped darts
Armour
 a - a +1 animal skin (worn)
Talismans
 c - a beast talisman
 d - a flux talisman
Wands
 b - a wand of roots (8)
Scrolls
 l - a scroll of fear
 m - a scroll of fog
Potions
 f - a potion of resistance
 g - 4 potions of attraction
 h - a potion of enlightenment
 o - a potion of magic {unknown}
 p - a potion of might {unknown}


   Skills:
 + Level 4.4 Fighting
 + Level 3.5 Short Blades
 - Level 2.2 Dodging
 - Level 3.3 Unarmed Combat
 + Level 2.8 Spellcasting
 + Level 2.8 Conjurations
 + Level 2.8 Hexes
   Level 0.0 Charms
 + Level 2.8 Summonings
 + Level 2.8 Necromancy
 + Level 2.8 Translocations
 + Level 2.8 Transmutations
 + Level 2.8 Fire Magic
 + Level 2.8 Ice Magic
 + Level 2.8 Air Magic
 + Level 2.8 Earth Magic
 + Level 2.8 Poison Magic
 + Level 4.5 Shapeshifting


You knew the following spells:

 Your Spells              Type           Power      Damage    Failure   Level
a - Necrotise             Necr           28%        1d5       5%          1
b - Call Imp              Summ           14%        N/A       9%          2
c - Tukima's Dance        Hex            7%         N/A       17%         3
Your spell library was empty.

Dungeon Overview and Level Annotations

Branches:
Dungeon (5/15)
 Temple: D:4-7

Altars:
Ru
The Shining One

Shops:
D:4 =


Innate Abilities, Weirdness & Mutations

You are a hulking beast.
Your limbs bulge with bestial killing power. (Slay +2)
You are flying.
You are immune to sickness and miasma.
You are immune to poison.
Your flesh is very heat resistant. (rF++)
You are vulnerable to cold. (rC-)
You float through the air rather than walking.
You learn spells naturally, not from books.
Your magical power is your life essence.
You have superior vitality. (+4 MHP)
Your spells are a little easier to cast, but a little less powerful.


Message History

Beogh smites you!
You hit something. You closely miss something.
Something hits you but does no damage.
You hit something.
Reactivating autopickup.
You feel a bit more experienced.
A gnoll comes into view. It is wielding a +2 dagger of freezing.
The gnoll shouts!
Things that are here:
a +0 short sword; a +0 robe A gnoll comes into view.
It is wielding a +0 halberd.
You barely miss the orc priest. Your punch misses the orc priest.
The orc priest invokes the aid of Beogh against you.
Pain shoots through your body!
You closely miss the orc priest.
A gnoll comes into view. It is wielding a +0 halberd.
The orc priest invokes the aid of Beogh against you.
Beogh smites you!
The gnoll shouts!
You hit the orc priest.
The orc priest is poisoned.
The orc priest is moderately wounded.
The orc priest hits you with a +1 flail of draining!
* * * LOW HITPOINT WARNING * * *
You closely miss the orc priest.
The orc priest is moderately wounded.
The orc priest hits you with a +1 flail of draining.
* * * LOW HITPOINT WARNING * * *
The gnoll hits you with a +2 dagger of freezing.
* * * LOW HITPOINT WARNING * * *
The gnoll freezes you.
* * * LOW HITPOINT WARNING * * *
You barely miss the orc priest.
The orc priest is moderately wounded.
You hit the orc priest but do no damage.
The orc priest looks as sick as possible!
The orc priest is moderately wounded.
A gnoll comes into view. It is wielding a +0 whip.
The orc priest calls down the wrath of Beogh upon you.
Beogh smites you!
You die...

.....##....# ....
.... #.######)..
## ####.####.#'#
#......##..!###
#......'......#
#.....##......# .
#.....#..)....#...
#.....#.))g...g..g
#######...h..g#..
##..o...# +......#
##...### #.#'#
###.. ... ...


You could see an orc priest (extremely poisoned) and 4 gnolls.

Vanquished Creatures
  Pargi (D:3)
  A phantom (D:4)
  A kobold brigand (D:3)
  3 howler monkeys (D:3)
  A gnoll bouda (D:3)
  2 hounds
  A jelly (D:5)
  A sleepcap (D:4)
  Ijyb (D:3)
  An orc wizard (D:5)
  12 gnolls (D:3)
  7 adders
  3 worms
  2 dart slugs
  20 orcs
  4 endoplasms
  3 giant cockroaches (D:2)
  5 goblins
  3 hobgoblins
  20 jackals
  10 ball pythons
  8 bats
  5 frilled lizards
  10 kobolds
  4 rats
129 creatures vanquished.

Notes
Turn   | Place    | Note
-------+----------+-------------------------------------------
     0 | D:1      | Malachi the Djinni Shapeshifter began the quest for the
                  | Orb.
     0 | D:1      | Reached XP level 1. HP: 17/17 MP: 0/0
   148 | D:1      | Reached XP level 2. HP: 18/22 MP: 0/0
   510 | D:1      | Reached XP level 3. HP: 28/28 MP: 0/0
   510 | D:1      | Learned a level 1 spell: Necrotise
  1122 | D:2      | Reached XP level 4. HP: 21/33 MP: 0/0
  1723 | D:3      | Noticed Pargi
  1732 | D:3      | HP: 2/49 [adder (2)]
  1737 | D:3      | Gained mutation: You are partially covered in iridescent
                  | scales. (AC +2) [potion of mutation]
  1737 | D:3      | Gained mutation: You are somewhat resistant to further
                  | mutation. [potion of mutation]
  1741 | D:3      | Killed Pargi
  1742 | D:3      | Reached skill level 1 in Short Blades
  1742 | D:3      | Reached skill level 1 in Spellcasting
  1742 | D:3      | Reached skill level 1 in Conjurations
  1742 | D:3      | Reached skill level 1 in Hexes
  1742 | D:3      | Reached skill level 1 in Summonings
  1742 | D:3      | Reached skill level 1 in Necromancy
  1742 | D:3      | Reached skill level 1 in Translocations
  1742 | D:3      | Reached skill level 1 in Transmutations
  1742 | D:3      | Reached skill level 1 in Fire Magic
  1742 | D:3      | Reached skill level 1 in Ice Magic
  1742 | D:3      | Reached skill level 1 in Air Magic
  1742 | D:3      | Reached skill level 1 in Earth Magic
  1742 | D:3      | Reached skill level 1 in Poison Magic
  1742 | D:3      | Reached XP level 5. HP: 29/39 MP: 0/0
  1742 | D:3      | Learned a level 2 spell: Call Imp
  2004 | D:3      | Reached XP level 6. HP: 43/45 MP: 0/0
  2064 | D:3      | Noticed Ijyb
  2075 | D:3      | Killed Ijyb
  2283 | D:3      | Reached XP level 7. HP: 34/50 MP: 0/0
  2283 | D:3      | Learned a level 3 spell: Tukima's Dance
  3187 | D:4      | Lost mutation: You are somewhat resistant to further
                  | mutation. [potion of mutation]
  3187 | D:4      | Lost mutation: You are partially covered in iridescent
                  | scales. (AC +2) [potion of mutation]
  3187 | D:4      | Gained mutation: You expend health (3 HP) to strengthen
                  | your wands. [potion of mutation]
  3187 | D:4      | Gained mutation: You do not regenerate when monsters are
                  | visible. [potion of mutation]
  3187 | D:4      | Gained mutation: You are strong-willed. (Will+) [potion of
                  | mutation]
  3188 | D:4      | Lost mutation: You are strong-willed. (Will+) [potion of
                  | mutation]
  3188 | D:4      | Lost mutation: You expend health (3 HP) to strengthen your
                  | wands. [potion of mutation]
  3188 | D:4      | Gained mutation: You passively dampen the noise of your
                  | surroundings. [potion of mutation]
  3189 | D:4      | Lost mutation: You passively dampen the noise of your
                  | surroundings. [potion of mutation]
  3189 | D:4      | Lost mutation: You do not regenerate when monsters are
                  | visible. [potion of mutation]
  3189 | D:4      | Gained mutation: Your spells are a little easier to cast,
                  | but a little less powerful. [potion of mutation]
  3189 | D:4      | Gained mutation: You have supernaturally acute eyesight.
                  | (SInv) [potion of mutation]
  3189 | D:4      | Lost mutation: You have supernaturally acute eyesight.
                  | (SInv) [potion of mutation]
  3356 | D:4      | Reached XP level 8. HP: 42/58 MP: 0/0
  4084 | D:4      | Found a sacrificial altar of Ru.
  4104 | D:4      | Found Lumoqy's Jewellery Boutique.
  4164 | D:4      | Found a glowing golden altar of the Shining One.
  4339 | D:5      | Entered Level 5 of the Dungeon
  4481 | D:5      | Killed from afar by an orc priest

Illustrated notes

Levels and vault maps discovered:
D:1:      hellmonk_arrival_library, layout_loops_ring, chequers_avenue
D:2:      layout_basic, minivault_11
D:3:      lemuel_castle_with_subvaults [lemuel_castle_interior_carwin_2],
          layout_loops_cross, uniq_ijyb, uniq_pargi
D:4:      layout_basic, mainiacjoe_overflow_alcove_1,
          mainiacjoe_overflow_alcove_2, serial_shops, nicolae_shop_behind_doors
D:5:      nicolae_cairo_tiling_very_big, layout_rooms,
          nicolae_overflow_two_pavilions, temple_hall, grunt_decor_cap,
          kennysheep_small_square

Skill      XL: |  1  2  3  4  5  6  7 |
---------------+----------------------+-----
Shapeshifting  | 3 4 |  4.5
Fighting       | 2 3 4 |  4.4
Short Blades   | 1 2 3 |  3.5
Spellcasting   | 1 2 |  2.8
Conjurations   | 1 2 |  2.8
Hexes          | 1 2 |  2.8
Summonings     | 1 2 |  2.8
Necromancy     | 1 2 |  2.8
Translocations | 1 2 |  2.8
Transmutations | 1 2 |  2.8
Fire Magic     | 1 2 |  2.8
Ice Magic      | 1 2 |  2.8
Air Magic      | 1 2 |  2.8
Earth Magic    | 1 2 |  2.8
Poison Magic   | 1 2 |  2.8
Dodging        | |  2.2
Unarmed Combat | |  3.3

Action                     |  1- 3 |  4- 6 |  7- 9 || total
---------------------------+-------+-------+-------++-------
  Melee: Unarmed           |    46 |       |       ||    46
         Punch             |     6 |     3 |    14 ||    23
         Dagger            |    39 |   118 |   220 ||   377
    Use: Potion            |       |     4 |     3 ||     7
         Scroll            |       |       |     9 ||     9
   Stab: Sleeping          |     2 |     2 |       ||     4
         Distracted        |       |       |     1 ||     1
 Armour: Animal skin       |    37 |    65 |    97 ||   199
         Skin              |       |    57 |       ||    57
  Dodge: Dodged            |    65 |    75 |    86 ||   226

Table legend: (Time is in decaauts)
 A = Elapsed time spent in this place.
 B = Non-inter-level travel time spent in this place.
 C = Inter-level travel time spent in this place.
 D = Time resting spent in this place.
 E = Time spent auto-exploring this place.
 F = Levels seen in this place.
 G = Mean time per level.
                   A        B        C        D        E       F      G
               +--------+--------+--------+--------+--------+-----+--------+
         Total |   4436 |   4339 |     97 |    286 |   3166 |   5 |  887.2 |
       Dungeon |   4436 |   4339 |     97 |    286 |   3166 |   5 |  887.2 |
               +--------+--------+--------+--------+--------+-----+--------+

Top non-repeatable levels by time:
     D:3: 1445 daAuts
     D:4: 1151 daAuts
     D:2: 954 daAuts
     D:1: 746 daAuts
     D:5: 138 daAuts
